 Dungeon Crawl Stone Soup version 0.26.0-16-gc1dbca0489 (webtiles) character file.

Game seed: 7081988679914358832

33 vvl the Firebug (level 3, -1/37 HPs)
             Began as a Demonspawn Fire Elementalist on Jan 20, 2021.
             Splashed by a jelly's acid (2 damage)
             ... on level 2 of the Dungeon.
             The game lasted 00:03:50 (1416 turns).

vvl the Firebug (Demonspawn Fire Elementalist)      Turns: 1416, Time: 00:03:51

Health: -1/37      AC: 21    Str:  9    XL:     3   Next: 12%
Magic:  0/6        EV:  2    Int: 16    God:
Gold:   37         SH:  0    Dex: 13    Spells: 5/6 levels left

rFire    . . .     SeeInvis .   (no weapon)
rCold    . . .     Faith    .   (no shield)
rNeg     + + +     Spirit   .   (armour currently unavailable)
rPois    +         Reflect  .   (helmet currently unavailable)
rElec    .         Harm     .   (cloak currently unavailable)
rCorr    .         Rampage  .   (gloves currently unavailable)
Will     .....     NoTele   +   (boots currently unavailable)
Stlth    ++........             (no amulet)
HPRegen  0.12/turn              (no ring)
MPRegen  0.10/turn              (no ring)

@: lethally poisoned (-1 -> -3), tree-form
A: miasma immunity
a: no special abilities


You were on level 2 of the Dungeon.
You were a tree.
You visited 1 branch of the dungeon, and saw 2 of its levels.

You collected 37 gold pieces.

Inventory:

Armour
 a - a +0 robe
 c - a +0 leather armour (melded)
Scrolls
 e - a scroll of identify {unknown}


   Skills:
 + Level 0.6 Fighting
 + Level 0.7 Armour
 - Level 1.7 Dodging
 - Level 1.7 Stealth
 + Level 2.3 Spellcasting
 + Level 1.4 Conjurations
 + Level 0.8 Necromancy
 + Level 3.0 Fire Magic


You had 5 spell levels left.
You knew the following spells:

 Your Spells              Type           Power        Failure   Level
a - Foxfire               Conj/Fire      36%          9%          1

Your spell library contained the following spells:

 Spells                   Type           Power        Failure   Level
 Conjure Flame            Conj/Fire      9%           24%         3
 Inner Flame              Hex/Fire       6%           32%         3
 Sticky Flame             Conj/Fire      9%           63%         4
 Fireball                 Conj/Fire      4%           92%         5


Dungeon Overview and Level Annotations

Branches:
Dungeon (2/15)

Altars:
Cheibriados


Innate Abilities, Weirdness & Mutations

((You have sharp toenails.))
You are immune to miasma.


Message History

The adder is heavily wounded.
* * * LOW HITPOINT WARNING * * *
You feel sick. The adder bites you but does no damage.
The goblin hits you but does no damage. The adder bites you but does no damage.
The jelly completely misses you.
You hit the adder.
The adder is severely wounded.
The adder bites you but does no damage. The goblin hits you but does no damage.
The jelly hits you but does no damage.
You smack the adder!
You kill the adder!
The goblin hits you but does no damage. The jelly hits you but does no damage.
Your Fire Magic skill increases to level 3!
You have reached level 3!
Your experience leads to an increase in your attributes!
Increase (S)trength, (I)ntelligence, or (D)exterity?
You feel stronger.
Your demonic ancestry asserts itself...
Your toenails lengthen and sharpen.
You hit the jelly.
Your branches burn!
You die...

##########
#...$....#
#........#
#........#
#._......#
.......♣.#
......Jhg####
######.w....##
#........##
#(....!....#
#..........#
#......)...#
#..........#
........?...#


You could see a jelly, a dart slug, a jackal and a goblin.

Vanquished Creatures
  An adder (D:2)
  A dart slug (D:1)
  A leopard gecko (D:1)
  4 bats (D:1)
  A giant cockroach (D:1)
  4 goblins
  A hobgoblin (D:1)
  A jackal (D:2)
  2 frilled lizards (D:1)
  4 kobolds (D:1)
  3 rats (D:1)
23 creatures vanquished.

Vanquished Creatures (others)
  61 foxfires
61 creatures vanquished.

Grand Total: 84 creatures vanquished

Notes
Turn   | Place    | Note
-------+----------+-------------------------------------------
     0 | D:1      | vvl the Demonspawn Fire Elementalist began the quest for
                  | the Orb.
     0 | D:1      | Reached XP level 1. HP: 13/13 MP: 3/3
   401 | D:1      | Gained mutation: You are immune to miasma. [demonic
                  | ancestry]
   401 | D:1      | Reached XP level 2. HP: 19/19 MP: 0/5
  1406 | D:2      | Found a snail-covered altar of Cheibriados.
  1410 | D:2      | HP: 1/20 [poisoned by an adder]
  1416 | D:2      | Reached skill level 3 in Fire Magic
  1416 | D:2      | Gained mutation: You have sharp toenails. [demonic
                  | ancestry]
  1416 | D:2      | Reached XP level 3. HP: 1/25 MP: 0/6
  1416 | D:2      | Splashed by a jelly's acid

Illustrated notes

Levels and vault maps discovered:
D:1:      tarquinn_simple_flora_water_b, layout_basic
D:2:      layout_rooms, gammafunk_temple_overflow_claw, serial_undead,
          serial_undead_c, serial_undead_d, serial_undead_c, serial_undead_f,
          cheibriados_altar_1

Skill      XL: |  1  2 |
---------------+-------+-----
Fire Magic     | 3 |  3.0
Fighting       | |  0.6
Armour         | |  0.7
Dodging        | |  1.7
Stealth        | |  1.7
Spellcasting   | |  2.3
Conjurations   | |  1.4
Necromancy     | |  0.8

Action                   || total
-------------------------++-------
Melee: Unarmed           ||    55
 Cast: Foxfire           ||    35
  Use: Potion            ||     2
 Stab: Sleeping          ||     1
Armor: Leather armour    ||    30
       Robe              ||     1
       Skin              ||    12
Dodge: Dodged            ||    46
